 Dungeon Crawl Stone Soup version 0.30.1-3-gfc49f6343a (webtiles) character file.

Game seed: 534466217254809231

205 booth the Magician (level 6, -1/43 HPs)
             Began as a Djinni Hedge Wizard on July 30, 2023.
             Slain by a black bear (3 damage)
             ... on level 4 of the Dungeon.
             The game lasted 00:25:38 (3525 turns).

booth the Magician (Djinni Hedge Wizard)            Turns: 3525, Time: 00:25:38

Health: -1/43      AC:  4    Str: 12    XL:     6   Next: 9%
Gold:   199        EV: 12    Int: 18    God:
                   SH:  0    Dex: 12

rFire   + . .        c - +2 dagger (elec)
rCold   x . .        (no shield)
rNeg    + . .        p - +1 robe "Wevvaes" {rF- rCorr Str+3 Stlth+}
rPois   ∞            i - +0 helmet
rElec   .            (no cloak)
rCorr   +            o - +0 pair of gloves
SInv    .            (boots unavailable)
Will    .....        (no amulet)
Stlth   +++          e - ring of positive energy
HPRegen 0.27/turn    (no ring)
MPRegen 0.00/turn

%: infuse magic (-2 HP)
@: flying
A: sickness immunity, fire resistance 2, cold vulnerability 1, float, innate
caster, HP casting, extra vitality 1, deformed body
a: no special abilities


You were on level 4 of the Dungeon.
You visited 1 branch of the dungeon, and saw 4 of its levels.

You collected 199 gold pieces.

Inventory:

Hand Weapons
 c - a +2 dagger of electrocution (weapon)
 g - a +2 short sword of freezing
Missiles
 a - 6 javelins (quivered)
 m - 5 poisoned darts
Armour
 b - a +0 robe
 i - a +0 helmet (worn)
 j - a +0 leather armour
 o - a +0 pair of gloves (worn)
 p - the +1 robe "Wevvaes" (worn) {rF- rCorr Str+3 Stlth+}
   (You took it off a hobgoblin on level 3 of the Dungeon)

   Str:       It affects your strength (+3).
   rF:        It makes you vulnerable to fire.
   rCorr:     It protects you from acid and corrosion.
   Stlth:     It makes you more stealthy.
Jewellery
 e - a ring of positive energy (left hand)
Wands
 k - a wand of iceblast (8)
Scrolls
 d - a scroll of magic mapping
 n - a scroll of teleportation
 q - a scroll of immolation {unknown}
Potions
 f - a potion of berserk rage {unknown}
 h - 2 potions of heal wounds
 l - a potion of haste {unknown}


   Skills:
 + Level 2.2 Fighting
 + Level 3.3 Dodging
 + Level 2.7 Stealth
 * Level 3.6 Spellcasting


You knew the following spells:

 Your Spells              Type           Power      Damage    Failure   Level
a - Magic Dart            Conj           64%        1d6       3%          1
b - Slow                  Hex            64%        N/A       3%          1
c - Blink                 Tloc           32%        N/A       5%          2
d - Call Imp              Summ           32%        N/A       5%          2
e - Mephitic Cloud        Conj/Pois/Air  16%        N/A       11%         3
f - Freeze                Ice            64%        1d7       3%          1
g - Searing Ray           Conj           32%        2d5       5%          2
Your spell library was empty.

Dungeon Overview and Level Annotations

Branches:
Dungeon (4/15)
 Temple: D:4-7

Altars:
Elyvilon
Makhleb
Yredelemnul
Zin
The Shining One


Innate Abilities, Weirdness & Mutations

You are immune to sickness and miasma.
You are immune to poison.
Your flesh is very heat resistant. (rF++)
You are vulnerable to cold. (rC-)
You float through the air rather than walking.
You learn spells naturally, not from books.
Your magical power is your life essence.
You have superior vitality. (+4 MHP)
Armour fits poorly on your strangely shaped body.


Message History

Casting: Magic Dart (safe; 3% risk of failure)
Confirm with . or Enter, or press ? or * to list all spells.
Aiming: Magic Dart (safe; 3% risk of failure)
Press: ? - help, Shift-Dir - straight line, f - black bear
Aim: a black bear (heavily wounded, ally target, 100% to hit)
The magic dart hits the black bear.
The black bear is severely wounded.
The black bear goes berserk!
You completely miss the black bear.
The black bear is severely wounded.
Your cerulean imp seems less confused.
The black bear closely misses you. The black bear claws you.
The black bear barely misses you.
Your cerulean imp hits the black bear but does no damage.
The black bear closely misses you. The black bear claws you.
The black bear claws you but does no damage.
You hit the black bear.
The black bear is almost dead.
The black bear closely misses you. The black bear claws you.
The black bear barely misses you.
Your cerulean imp closely misses the black bear.
Casting: Magic Dart (safe; 3% risk of failure)
Confirm with . or Enter, or press ? or * to list all spells.
Aiming: Magic Dart (safe; 3% risk of failure)
Press: ? - help, Shift-Dir - straight line, f/p - black bear
Aim: a black bear (almost dead, berserk, ally target, 100% to hit)
The magic dart hits the black bear but does no damage.
The black bear is almost dead.
The black bear bites you. The black bear claws you.
The black bear claws you but does no damage.
Your cerulean imp hits the black bear with a -3 spear.
The black bear barely misses you. The black bear claws you.
* * * LOW HITPOINT WARNING * * *
The black bear claws you but does no damage.
You hit the black bear but do no damage.
The black bear is almost dead.
The black bear bites you!
* * * LOW HITPOINT WARNING * * *
The black bear misses you. The black bear claws you.
You die...

.... .....
......
#.......#
#........
###.....>..
####..........
#..@h5.......
#...........
#.......#...
#.......# .
########†#####
#............#
#..........).#
#............#
#............#


You could see a black bear (berserk, ally target) and a friendly cerulean imp
(summoned).

Vanquished Creatures
  Ijyb (D:3)
  An orc wizard (D:4)
  4 adders
  2 dart slugs
  7 orcs (D:3)
  5 bats
  9 endoplasms
  7 giant cockroaches
  10 goblins
  4 hobgoblins
  4 quokkas
  7 ball pythons
  5 frilled lizards
  5 kobolds
  6 rats
77 creatures vanquished.

Vanquished Creatures (collateral kills)
  Jessica (D:3)
1 creature vanquished.

Grand Total: 78 creatures vanquished

Notes
Turn   | Place    | Note
-------+----------+-------------------------------------------
     0 | D:1      | booth the Djinni Hedge Wizard began the quest for the Orb.
     0 | D:1      | booth set off with the following spells memorised: Magic
                  | Dart, Slow, Blink, Call Imp, Mephitic Cloud.
     0 | D:1      | Reached XP level 1. HP: 15/15 MP: 0/0
   133 | D:1      | Reached XP level 2. HP: 16/22 MP: 0/0
   642 | D:1      | Reached XP level 3. HP: 22/26 MP: 0/0
   642 | D:1      | Learned a level 1 spell: Freeze
   887 | D:1      | Reached skill level 1 in Fighting
  1267 | D:2      | You are sucked into a shaft and drop 2 floors!
  1293 | D:3      | Noticed Jessica
  1313 | D:3      | Killed Jessica
  1314 | D:3      | Reached XP level 4. HP: 23/32 MP: 0/0
  1940 | D:3      | Reached XP level 5. HP: 37/37 MP: 0/0
  1940 | D:3      | Learned a level 2 spell: Searing Ray
  2429 | D:3      | Noticed Ijyb
  2454 | D:3      | Killed Ijyb
  2593 | D:3      | Found a glowing silver altar of Zin.
  2595 | D:3      | Found a white marble altar of Elyvilon.
  2600 | D:3      | Found a glowing golden altar of the Shining One.
  2672 | D:3      | Found a burning altar of Makhleb.
  2809 | D:3      | Found a faded altar of an unknown god.
  2830 | D:3      | Found a basalt altar of Yredelemnul.
  3235 | D:3      | Identified the +1 robe "Wevvaes" {rF- rCorr Str+3 Stlth+}
  3296 | D:3      | Gained mutation: Armour fits poorly on your strangely
                  | shaped body. [potion of mutation]
  3513 | D:4      | Noticed a black bear
  3520 | D:4      | Reached XP level 6. HP: 31/43 MP: 0/0
  3525 | D:4      | HP: 2/43 [black bear (8)]
  3525 | D:4      | Slain by a black bear

Illustrated notes

Levels and vault maps discovered:
D:1:      lemuel_arrival_tunnels, layout_basic, grunt_decor_cap,
          minmay_distorted
D:2:      layout_loops_cross
D:3:      layout_basic, dreamdust_divine_triumvirate,
          nicolae_overflow_ecumenical_swirl, lightli_temple_of_fire,
          portal_sewer_entry_a, uniq_jessica, uniq_ijyb
D:4:      corexii_shantytown, layout_basic, led_sif_pool,
          nzn_wu_jian_contemplation, kennysheep_cross_bottleneck, uniq_sigmund,
          uniq_pikel

Skill      XL: |  1  2  3  4  5 |
---------------+----------------+-----
Fighting       | 1 2 |  2.2
Stealth        | 2 |  2.7
Spellcasting   | 3 |  3.6
Dodging        | 3 |  3.3

Action                     |  1- 3 |  4- 6 || total
---------------------------+-------+-------++-------
  Melee: Dagger            |    48 |    89 ||   137
   Cast: Magic Dart        |    33 |    61 ||    94
         Call Imp          |     1 |     2 ||     3
         Searing Ray       |       |     1 ||     1
    Use: Scroll            |     5 |     2 ||     7
         Potion            |     2 |     3 ||     5
   Stab: Sleeping          |     1 |     3 ||     4
 Armour: Robe              |     7 |    21 ||    28
  Dodge: Dodged            |    29 |    46 ||    75
